 Dungeon Crawl Stone Soup version 0.26-a0-606-g3c8f2f65f7 (webtiles) character file.

Game seed: 5399367777075771501

12893 Gargoyl the Fighter (level 12, -1/96 HPs)
             Began as a Gnoll Abyssal Knight on Sept 1, 2020.
             Was a High Priest of Lugonu.
             Slain by a polar bear (3 damage)
             ... in an ice cave.
             The game lasted 00:15:34 (12026 turns).

Gargoyl the Fighter (Gnoll Abyssal Knight)         Turns: 12026, Time: 00:15:35

Health: -1/96      AC: 17    Str: 19    XL:     12   Next: 0%
Magic:  22/22      EV: 12    Int: 14    God:    Lugonu [*****.]
Gold:   276        SH:  0    Dex: 16    Spells: 24/24 levels left

rFire    + . .     SeeInvis .   y - +4 broad axe
rCold    . . .     Faith    .   (no shield)
rNeg     . . .     Spirit   .   C - +1 chain mail "Onagos" {rF+}
rPois    +         Reflect  .   (helmet restricted)
rElec    .         Harm     .   (no cloak)
rCorr    .                      (no gloves)
MR       .....                  (no boots)
Stlth    ..........             (no amulet)
HPRegen  0.26/turn              c - +4 ring of slaying
MPRegen  0.18/turn              w - +4 ring of protection

@: no status effects
A: distributed training, fangs 1, horns 2, poison resistance, shaggy fur 1,
strong nose
a: Depart the Abyss, Bend Space, Banish, Corrupt, Enter the Abyss, Renounce
Religion


You were in an ice cave.
You worshipped Lugonu.
Lugonu was extremely pleased with you.
You visited 2 branches of the dungeon, and saw 12 of its levels.
You visited the Abyss 1 time.
You also visited: Ice Cave.

You collected 769 gold pieces.
You spent 493 gold pieces at shops.

Inventory:

Hand Weapons
 a - a +1 hand axe
 u - a +1 war axe
 x - a +2 flail of holy wrath
 y - a +4 broad axe (weapon)
 E - the +6 spear of Gallantry {vorpal, MR+ Str+4}
   (You found it on level 9 of the Dungeon)

   It inflicts extra damage upon your enemies.
   It affects your strength (+4).
   It affects your resistance to hostile enchantments.
Missiles
 b - 18 boomerangs (quivered)
Armour
 m - a +0 helmet
 C - the +1 chain mail "Onagos" (worn) {rF+}
   (You bought it in a shop on level 7 of the Dungeon)

   It protects you from fire.
Jewellery
 c - a +4 ring of slaying (left hand)
 i - a cursed ring of ice
 w - a +4 ring of protection (right hand)
 A - an uncursed ring of positive energy
 K - an uncursed ring of positive energy
Wands
 e - a wand of disintegration (29)
 l - a wand of random effects (22)
 p - a wand of acid (1)
 v - a wand of paralysis (12)
 B - a wand of digging (4)
 H - a wand of enslavement (9)
 J - a wand of polymorph (17)
Scrolls
 f - 10 scrolls of teleportation
 g - a scroll of identify
 h - 5 scrolls of enchant armour
 o - 2 scrolls of magic mapping
 z - 4 scrolls of remove curse
 F - 3 scrolls of fear
Potions
 d - 2 potions of brilliance
 j - 2 potions of degeneration {unknown}
 k - 2 potions of lignification
 n - 3 potions of cancellation {unknown}
 q - 2 potions of haste
 r - 2 potions of stabbing {unknown}
 s - a potion of curing
 t - 3 potions of magic {unknown}
 D - a potion of ambrosia {unknown}
 L - a potion of berserk rage {unknown}


   Skills:
 + Level 9.5 Fighting
 + Level 6.8 Short Blades
 + Level 6.8 Long Blades
 + Level 8.3 Axes
 + Level 6.8 Maces & Flails
 + Level 6.8 Polearms
 + Level 6.8 Staves
 + Level 6.8 Slings
 + Level 6.8 Bows
 + Level 6.8 Crossbows
 + Level 6.8 Throwing
 + Level 8.3 Armour
 + Level 7.3 Dodging
 + Level 6.8 Stealth
 + Level 6.8 Shields
 + Level 6.8 Unarmed Combat
 + Level 6.8 Spellcasting
 + Level 5.6 Conjurations
 + Level 5.6 Hexes
 + Level 5.6 Summonings
 + Level 5.6 Necromancy
 + Level 5.6 Translocations
 + Level 5.6 Transmutations
 + Level 5.6 Fire Magic
 + Level 5.6 Ice Magic
 + Level 5.6 Air Magic
 + Level 5.6 Earth Magic
 + Level 5.6 Poison Magic
 + Level 8.8 Invocations
 + Level 6.8 Evocations


You had 24 spell levels left.
You didn't know any spells.
Your spell library contained the following spells:

 Spells                   Type           Power        Failure   Level
 Animate Skeleton         Necr           ###...       12%         1
 Apportation              Tloc           ###...       12%         1
 Corona                   Hex            ###....      12%         1
 Summon Small Mammal      Summ           ###.         12%         1
 Call Imp                 Summ           ###.....     19%         2
 Call Canine Familiar     Summ           ###.....     36%         3
 Summon Guardian Golem    Hex/Summ       ###.....     36%         3
 Summon Ice Beast         Ice/Summ       ###.....     77%         4
 Summon Lightning Spire   Summ/Air       ###.....     77%         4


Dungeon Overview and Level Annotations

Branches:
Dungeon (11/15)            Temple (0/1) D:5            Lair (1/6) D:10
    Orc (0/2) D:10          IceCv (1/1)

Altars:
Ashenzari
Fedhas
Hepliaklqana
Nemelex Xobeh
Ru
Sif Muna
Vehumet
Wu Jian
Yredelemnul

Shops:
D:6 ?   D:7 *:?}


Innate Abilities, Weirdness & Mutations

Your experience applies equally to all skills.
You have very sharp teeth.
Your uncanny sense of smell can sniff out nearby items.
You have a pair of horns on your head.
Your system is resistant to poisons. (rPois)
You are covered in fur. (AC +1)


Message History

The polar bear claws you but does no damage.
The polar bear completely misses you.
You slash the polar bear!
The polar bear is almost dead.
The polar bear goes berserk!
You slash the polar bear!
The polar bear is almost dead.
The polar bear bites you!
The polar bear claws you but does no damage. x2
The polar bear bites you!
* * * LOW HITPOINT WARNING * * *
The polar bear claws you.
* * * LOW HITPOINT WARNING * * *
The polar bear claws you but does no damage.
You barely miss the polar bear.
The polar bear is almost dead.
The polar bear bites you!
* * * LOW HITPOINT WARNING * * *
The polar bear claws you.
You die...

#### ∆ ∆ #..####### ∆
#†∩†...#.## ∆ ###
##..∩.....### ## ...#
###....@h..###.#.....
####.###..#°#☼..# ###
##..≈.h# ##∆..##
##°## ### ∆


You could see a polar bear (berserk).

Vanquished Creatures
  Fannar (D:11)
  Harold (D:7)
  A two-headed ogre (D:8)
  An unseen horror (D:10)
  A centaur zombie (D:10)
  Maggie (D:6)
  A troll (D:11)
  Grinder (D:4)
  A hornet (D:9)
  Sigmund (D:4)
  A hippogriff (D:11)
  A spriggan (D:8)
  11 yaks
  Edmund (D:4)
  Duvessa (D:6)
  5 porcupines
  9 ice beasts
  6 orc warriors (D:10)
  2 sky beasts
  2 black bears
  An eye of draining (D:11)
  A necrophage (D:5)
  6 ogres
  2 phantoms
  3 wolves (IceCv)
  2 centaurs (D:8)
  3 big kobolds
  6 bullfrogs
  Dowan (D:6)
  5 scorpions
  6 killer bees (D:8)
  4 wights (D:6)
  A howler monkey (D:9)
  A quasit (D:8)
  4 hounds
  3 bullfrog skeletons
  5 orc priests
  A jelly (D:8)
  8 orc wizards
  A bullfrog zombie (D:7)
  Natasha (thrice) (D:2)
  6 worker ants
  A hound skeleton (D:9)
  2 worker ant zombies
  Robin (D:3)
  4 gnolls (D:5)
  7 adders
  A shadow imp (D:8)
  An ufetubus (D:9)
  2 oozes
  2 adder skeletons
  5 worms
  5 dart slugs
  3 leopard geckos
  23 orcs
  5 bats
  6 giant cockroaches
  16 goblins
  14 hobgoblins
  10 jackals
  24 kobolds
  6 quokkas
  4 ball pythons
  A ball python zombie (D:5)
  2 frilled lizards (D:1)
  A leopard gecko zombie (D:7)
  A quokka zombie (D:6)
  5 rats
274 creatures vanquished.

Vanquished Creatures (others)
  A yak (IceCv)
  A wolf (IceCv)
  5 fungi
  8 plants
15 creatures vanquished.

Grand Total: 289 creatures vanquished

Notes
Turn   | Place    | Note
-------+----------+-------------------------------------------
     0 | Abyss:1  | Gargoyl the Gnoll Abyssal Knight began the quest for the
                  | Orb.
     0 | Abyss:1  | Reached XP level 1. HP: 23/23 MP: 3/3
    50 | Abyss:2  | Noticed a large abomination
    56 | Abyss:2  | Noticed an orange demon
    58 | D:1      | Escaped the Abyss
   246 | D:1      | Reached XP level 2. HP: 27/29 MP: 5/5
   414 | D:1      | Reached * piety under Lugonu
   434 | D:1      | Reached XP level 3. HP: 34/35 MP: 6/6
   906 | D:2      | Found a radiant altar of Vehumet.
   907 | D:2      | Found an ornate altar of the Wu Jian Council.
   909 | D:2      | Found a shimmering blue altar of Sif Muna.
   912 | D:2      | Found a blossoming altar of Fedhas.
   919 | D:2      | Found a hazy altar of Hepliaklqana.
   920 | D:2      | Found a sacrificial altar of Ru.
   920 | D:2      | Found a sparkling altar of Nemelex Xobeh.
   923 | D:2      | Reached skill level 1 in Short Blades
   923 | D:2      | Reached skill level 1 in Long Blades
   923 | D:2      | Reached skill level 1 in Maces & Flails
   923 | D:2      | Reached skill level 1 in Polearms
   923 | D:2      | Reached skill level 1 in Staves
   923 | D:2      | Reached skill level 1 in Slings
   923 | D:2      | Reached skill level 1 in Bows
   923 | D:2      | Reached skill level 1 in Crossbows
   923 | D:2      | Reached skill level 1 in Throwing
   923 | D:2      | Reached skill level 1 in Stealth
   923 | D:2      | Reached skill level 1 in Shields
   923 | D:2      | Reached skill level 1 in Unarmed Combat
   923 | D:2      | Reached skill level 1 in Spellcasting
   923 | D:2      | Reached skill level 1 in Evocations
   935 | D:2      | Found a shattered altar of Ashenzari.
   950 | D:2      | Reached XP level 4. HP: 34/41 MP: 7/7
  1110 | D:2      | Noticed Natasha
  1115 | D:2      | Killed Natasha
  1115 | D:2      | Reached skill level 1 in Conjurations
  1115 | D:2      | Reached skill level 1 in Hexes
  1115 | D:2      | Reached skill level 1 in Summonings
  1115 | D:2      | Reached skill level 1 in Necromancy
  1115 | D:2      | Reached skill level 1 in Translocations
  1115 | D:2      | Reached skill level 1 in Transmutations
  1115 | D:2      | Reached skill level 1 in Fire Magic
  1115 | D:2      | Reached skill level 1 in Ice Magic
  1115 | D:2      | Reached skill level 1 in Air Magic
  1115 | D:2      | Reached skill level 1 in Earth Magic
  1115 | D:2      | Reached skill level 1 in Poison Magic
  1273 | D:2      | Reached ** piety under Lugonu
  1516 | D:2      | Noticed Natasha
  1535 | D:2      | Killed Natasha
  1535 | D:2      | Reached XP level 5. HP: 37/47 MP: 8/8
  1645 | D:2      | Noticed Natasha
  1657 | D:2      | Killed Natasha
  1853 | D:3      | Noticed a phantom
  1854 | D:3      | Gained mutation: You tend to lose your temper in combat.
                  | [potion of mutation]
  1854 | D:3      | Gained mutation: You have a pair of small horns on your
                  | head. [potion of mutation]
  1854 | D:3      | Gained mutation: You passively map a small area around you.
                  | [potion of mutation]
  1854 | D:3      | Gained mutation: You have a pair of horns on your head.
                  | [potion of mutation]
  1855 | D:3      | Lost mutation: You tend to lose your temper in combat.
                  | [potion of mutation]
  1855 | D:3      | Lost mutation: You have a pair of horns on your head.
                  | [potion of mutation]
  1855 | D:3      | Gained mutation: Scrolls take you a little longer to read.
                  | [potion of mutation]
  1855 | D:3      | Gained mutation: You are covered in fur. (AC +1) [potion of
                  | mutation]
  1869 | D:3      | Killed a phantom
  1869 | D:3      | Reached skill level 5 in Invocations
  1869 | D:3      | Reached XP level 6. HP: 42/53 MP: 9/9
  2159 | D:3      | Reached skill level 5 in Axes
  2159 | D:3      | Reached skill level 5 in Armour
  2219 | D:3      | Noticed Robin
  2225 | D:3      | Killed Robin
  2564 | D:3      | Reached *** piety under Lugonu
  2877 | D:4      | Noticed Grinder
  2904 | D:4      | Reached XP level 7. HP: 23/59 MP: 10/10
  3207 | D:3      | Reached skill level 7 in Fighting
  3395 | D:4      | Killed Grinder
  3614 | D:4      | Noticed Sigmund
  3649 | D:4      | Killed Sigmund
  3649 | D:4      | Reached XP level 8. HP: 56/67 MP: 12/12
  3863 | D:4      | Noticed Edmund
  3868 | D:4      | Killed Edmund
  4044 | D:5      | Entered Level 5 of the Dungeon
  4186 | D:5      | Lost mutation: You passively map a small area around you.
                  | [potion of mutation]
  4186 | D:5      | Lost mutation: Scrolls take you a little longer to read.
                  | [potion of mutation]
  4186 | D:5      | Gained mutation: Your system is resistant to poisons.
                  | (rPois) [potion of mutation]
  4186 | D:5      | Gained mutation: You have a pair of horns on your head.
                  | [potion of mutation]
  4675 | D:5      | Found a staircase to the Ecumenical Temple.
  4904 | D:6      | Noticed Duvessa
  4905 | D:6      | Noticed Dowan
  4911 | D:6      | Killed Duvessa
  4916 | D:6      | Killed Dowan
  5066 | D:6      | Reached XP level 9. HP: 64/72 MP: 14/14
  5183 | D:6      | Found Extes's Magic Scroll Emporium.
  5192 | D:6      | Bought a scroll of enchant weapon for 90 gold pieces
  5192 | D:6      | Bought a scroll of enchant weapon for 90 gold pieces
  5333 | D:6      | Noticed Maggie
  5347 | D:6      | Killed Maggie
  5750 | D:7      | Reached **** piety under Lugonu
  5954 | D:7      | Found Leelaott's Book Boutique.
  5979 | D:7      | Reached skill level 5 in Dodging
  6015 | D:7      | Found Hiurchina's Assorted Antiques.
  6073 | D:7      | Found Vuvuil's Gadget Boutique.
  6118 | D:7      | Found Cuxur's Magic Scroll Boutique.
  6203 | D:7      | Noticed Harold
  6215 | D:7      | Killed Harold
  6215 | D:7      | Reached skill level 8 in Fighting
  6434 | D:7      | Bought a smoking chain mail for 313 gold pieces
  6444 | D:7      | Identified the +1 chain mail "Onagos" {rF+} (You bought it
                  | in a shop on level 7 of the Dungeon)
  6577 | D:8      | Got a transparent rapier
  6578 | D:8      | Identified the cursed +2 rapier of Exchange {vorpal, rF-
                  | MR++ Dex+4} (You found it on level 8 of the Dungeon)
  6816 | D:8      | Reached XP level 10. HP: 80/80 MP: 17/17
  6912 | D:8      | Noticed a two-headed ogre
  6923 | D:8      | Killed a two-headed ogre
  6923 | D:8      | Reached skill level 5 in Short Blades
  6923 | D:8      | Reached skill level 5 in Long Blades
  6923 | D:8      | Reached skill level 5 in Maces & Flails
  6923 | D:8      | Reached skill level 5 in Polearms
  6923 | D:8      | Reached skill level 5 in Staves
  6923 | D:8      | Reached skill level 5 in Slings
  6923 | D:8      | Reached skill level 5 in Bows
  6923 | D:8      | Reached skill level 5 in Crossbows
  6923 | D:8      | Reached skill level 5 in Throwing
  6923 | D:8      | Reached skill level 5 in Stealth
  6923 | D:8      | Reached skill level 5 in Shields
  6923 | D:8      | Reached skill level 5 in Unarmed Combat
  6923 | D:8      | Reached skill level 5 in Spellcasting
  6923 | D:8      | Reached skill level 5 in Evocations
  8014 | D:9      | Got a faintly glowing spear
  8015 | D:9      | Identified the +6 spear of Gallantry {vorpal, MR+ Str+4}
                  | (You found it on level 9 of the Dungeon)
  8021 | D:9      | Found a basalt altar of Yredelemnul.
  8617 | D:9      | Noticed an eight-headed hydra
  8627 | D:9      | Banished an eight-headed hydra
  8627 | D:9      | Reached XP level 11. HP: 14/87 MP: 19/19
  9364 | D:10     | Entered Level 10 of the Dungeon
  9374 | D:10     | Reached skill level 9 in Fighting
  9383 | D:10     | You fall into a shaft and drop 1 floor!
  9383 | D:11     | Noticed Fannar
  9426 | D:11     | Reached skill level 5 in Conjurations
  9426 | D:11     | Reached skill level 5 in Hexes
  9426 | D:11     | Reached skill level 5 in Summonings
  9426 | D:11     | Reached skill level 5 in Necromancy
  9426 | D:11     | Reached skill level 5 in Translocations
  9426 | D:11     | Reached skill level 5 in Transmutations
  9426 | D:11     | Reached skill level 5 in Fire Magic
  9426 | D:11     | Reached skill level 5 in Ice Magic
  9426 | D:11     | Reached skill level 5 in Air Magic
  9426 | D:11     | Reached skill level 5 in Earth Magic
  9426 | D:11     | Reached skill level 5 in Poison Magic
  9577 | D:11     | Killed Fannar
 10177 | D:10     | Killed an unseen horror
 10968 | D:10     | Found a staircase to the Orcish Mines.
 11254 | D:10     | Found a staircase to the Lair.
 11797 | Lair:1   | Entered Level 1 of the Lair of Beasts
 11816 | Lair:1   | Reached ***** piety under Lugonu
 11817 | Lair:1   | Found a frozen archway.
 11895 | IceCv    | Entered an ice cave
 11910 | IceCv    | Reached XP level 12. HP: 71/96 MP: 22/22
 12026 | IceCv    | HP: 2/96 [polar bear (15)]
 12026 | IceCv    | Slain by a polar bear

Illustrated notes

Levels and vault maps discovered:
D:1:      lightli_arrival_isolated_outpost, layout_loops_ring,
          minmay_heptomino_d4
D:2:      layout_loops_corners, grunt_temple_overflow_open, uniq_natasha
D:3:      layout_basic, bh_walls_and_bars, uniq_robin
D:4:      layout_rooms, serial_glass, glass_columns_c, glass_columns_b,
          glass_columns_a, glass_columns_c, item_on_display_a,
          item_on_display_a, item_on_display_a, minmay_cut_off, uniq_grinder,
          uniq_sigmund, uniq_edmund
D:5:      layout_basic, temple_fountains, portal_sewer_entry_b
D:6:      layout_rooms, serial_shops, shop, uniq_duvessa, uniq_maggie
D:7:      layout_rooms, serial_shops, nicolae_shop_trees, nicolae_shop_stone,
          nicolae_shop_waterfront, shop, uniq_harold
D:8:      layout_loops_ring, the_bakery
D:9:      layout_loops_ring, lemuel_round_altar, chequers_serial_rivers_small_3
D:10:     layout_rooms, grunt_lair_entry_orc_guard_hut, david_orc_4,
          dk_noncrumbling_4, kennysheep_generic_room_10
D:11:     layout_loops_cross, nicolae_twisting_strands, uniq_fannar
Lair:1:   layout_roguey, portal_ice_cave_entry_ice_beasts
IceCv:    ice_cave_caverns_02

Skill      XL: |  1  2  3  4  5  6  7  8  9 10 11 |
---------------+----------------------------------+-----
Short Blades   | 1 2 3 4 5 6 |  6.8
Long Blades    | 1 2 3 4 5 6 |  6.8
Maces & Flails | 1 2 3 4 5 6 |  6.8
Polearms       | 1 2 3 4 5 6 |  6.8
Staves         | 1 2 3 4 5 6 |  6.8
Slings         | 1 2 3 4 5 6 |  6.8
Bows           | 1 2 3 4 5 6 |  6.8
Crossbows      | 1 2 3 4 5 6 |  6.8
Throwing       | 1 2 3 4 5 6 |  6.8
Stealth        | 1 2 3 4 5 6 |  6.8
Shields        | 1 2 3 4 5 6 |  6.8
Unarmed Combat | 1 2 3 4 5 6 |  6.8
Spellcasting   | 1 2 3 4 5 6 |  6.8
Evocations     | 1 2 3 4 5 6 |  6.8
Conjurations   | 1 2 3 4 5 |  5.6
Hexes          | 1 2 3 4 5 |  5.6
Summonings     | 1 2 3 4 5 |  5.6
Necromancy     | 1 2 3 4 5 |  5.6
Translocations | 1 2 3 4 5 |  5.6
Transmutations | 1 2 3 4 5 |  5.6
Fire Magic     | 1 2 3 4 5 |  5.6
Ice Magic      | 1 2 3 4 5 |  5.6
Air Magic      | 1 2 3 4 5 |  5.6
Earth Magic    | 1 2 3 4 5 |  5.6
Poison Magic   | 1 2 3 4 5 |  5.6
Dodging        | 3 4 5 6 7 |  7.3
Invocations    | 5 6 7 8 |  8.8
Axes           | 5 6 7 8 |  8.3
Armour         | 5 6 7 8 |  8.3
Fighting       | 7 8 9 |  9.5

Action                   |  1- 3 |  4- 6 |  7- 9 | 10-12 || total
-------------------------+-------+-------+-------+-------++-------
Melee: Hand axe          |    80 |   117 |    55 |       ||   252
       Bite              |     9 |    14 |    26 |    39 ||    88
       Headbutt          |       |    13 |    46 |    82 ||   141
       Punch             |       |     1 |     2 |     7 ||    10
       War axe           |       |       |    66 |       ||    66
       Broad axe         |       |       |    60 |   212 ||   272
       Spear             |       |       |       |   120 ||   120
Invok: Depart the Abyss  |     1 |       |       |       ||     1
       Banish            |       |       |       |     2 ||     2
Evoke: Wand              |       |     1 |     1 |       ||     2
  Use: Scroll            |     3 |     7 |    10 |     5 ||    25
       Potion            |       |     2 |     2 |     3 ||     7
Armor: Leather armour    |     3 |       |       |       ||     3
       Plate armour      |    49 |    67 |    83 |       ||   199
       Chain mail        |       |       |    38 |   254 ||   292
Dodge: Dodged            |    35 |    18 |    86 |   226 ||   365

Table legend: (Time is in decaauts)
 A = Elapsed time spent in this place.
 B = Non-inter-level travel time spent in this place.
 C = Inter-level travel time spent in this place.
 D = Time resting spent in this place.
 E = Time spent auto-exploring this place.
 F = Levels seen in this place.
 G = Mean time per level.
                   A        B        C        D        E       F      G
               +--------+--------+--------+--------+--------+-----+--------+
         Total |  12102 |  11779 |    323 |   3798 |   5947 |  15 |  806.8 |
       Dungeon |  11808 |  11486 |    322 |   3659 |   5890 |  11 | 1073.5 |
          Lair |    102 |    102 |      0 |     46 |      2 |   1 |  102.0 |
         Abyss |     57 |     57 |      0 |      0 |     46 |   2 |   28.5 |
      Ice Cave |    133 |    133 |      0 |     93 |      9 |   1 |  133.0 |
               +--------+--------+--------+--------+--------+-----+--------+

Top non-repeatable levels by time:
     D:9: 1785 daAuts
    D:10: 1621 daAuts
     D:3: 1472 daAuts
     D:8: 1094 daAuts
     D:2: 1085 daAuts
     D:5: 847 daAuts
     D:6: 828 daAuts
    D:11: 812 daAuts
     D:7: 808 daAuts
     D:4: 772 daAuts
     D:1: 679 daAuts
   IceCv: 133 daAuts
  Lair:1: 102 daAuts
 Abyss:2: 55 daAuts
 Abyss:1: 2 daAuts
